 Dungeon Crawl Stone Soup version 0.20.1-1-g8b1a95d (webtiles) character file.

60 Jazqa the Covered (level 4, -1/31 HPs)
             Began as a Halfling Fighter on Oct 23, 2017.
             Slain by Terence
             ... wielding a +4 hand axe of chopping
              (2 damage)
             ... on level 2 of the Dungeon.
             The game lasted 00:01:35 (1314 turns).

Jazqa the Covered (Halfling Fighter)                Turns: 1314, Time: 00:01:36

Health: -1/31      AC:  8    Str: 17    XL:     4   Next: 24%
Magic:  4/4        EV:  9    Int:  6    God:
Gold:   85         SH:  9    Dex: 14    Spells: 3/3 levels left

rFire    . . .     SeeInvis .   a - +0 long sword
rCold    . . .     Gourm    .   c - +0 shield
rNeg     . . .     Faith    .   b - +0 scale mail
rPois    .         Spirit   .   (no helmet)
rElec    .         Reflect  .   r - +0 cloak
rCorr    .         Harm     .   (no gloves)
MR       .....                  (no boots)
Stlth    ..........             (no amulet)
Regen    0.1/turn               (no ring)
MPRegen  0.1/turn               (no ring)

@: no status effects
A: mutation resistance 1
a: no special abilities


You were on level 2 of the Dungeon.
You were not hungry.

You visited 1 branch of the dungeon, and saw 2 of its levels.

You collected 85 gold pieces.

Inventory:

Hand Weapons
 a - a +0 long sword (weapon)
Armour
 b - a +0 scale mail (worn)
 c - a +0 shield (worn)
 r - a +0 cloak (worn)
Jewellery
 e - an uncursed ring of see invisible {unknown}
Scrolls
 g - a scroll of amnesia {unknown}
 h - 2 scrolls of remove curse {unknown}
 i - 4 scrolls of enchant weapon {unknown}
 m - a scroll of enchant armour {unknown}
 n - a scroll of identify {unknown}
 o - 3 scrolls of magic mapping {unknown}
Potions
 d - a potion of might
 k - a potion of berserk rage {unknown}
 l - a potion of resistance {unknown}
 q - a potion of cancellation {unknown}
 s - a potion of mutation {unknown}
 t - a potion of flight {unknown}
Comestibles
 f - 3 bread rations
 j - 9 chunks of flesh
 p - 3 fruits


   Skills:
 + Level 3.1 Fighting
 + Level 2.5 Long Blades
 + Level 4.1 Armour
 + Level 3.7 Shields


You had 3 spell levels left.
You didn't know any spells.

Dungeon Overview and Level Annotations

Branches:
Dungeon (2/15)

Altars:

Annotations:
D:2 Terence


Innate Abilities, Weirdness & Mutations

You are small and have problems with some larger weapons.
You are somewhat resistant to further mutation.


Message History

You hit Terence but do no damage.
Terence is moderately wounded.
Terence barely misses you.
You riposte.
You hit Terence.
Terence is heavily wounded.
You block Terence's attack.
You hit Terence.
Terence is heavily wounded.
Terence hits you but does no damage.
You hit Terence.
Terence is severely wounded.
Terence hits you with a hand axe of chopping.
You hit Terence but do no damage.
Terence is severely wounded.
Terence hits you with a hand axe of chopping.
* * * LOW HITPOINT WARNING * * *
x2 You hit Terence but do no damage.
Terence is severely wounded.
Terence hits you with a hand axe of chopping.
* * * LOW HITPOINT WARNING * * *
You die...

#.......####
#......#
#...##..#
#..###....#
#.......########
##.## ...# #
#...##..........
.#.#### ..# ##
#...###..#######
......# ##.(##.
##### ##..#
......$ .....#.
##.#####
#....).# #..#.#.
#.....###......#
......
#####..@@......#
#...
########....
##.. # ...###.
....... ....#..
... ##. .. ##


You could see Terence.

Vanquished Creatures
  Jessica (D:2)
  3 dart slugs
  2 leopard geckos (D:1)
  A ball python (D:2)
  8 bats
  3 hobgoblins
  A kobold (D:2)
  A frilled lizard (D:1)
  4 goblins
  2 rats
26 creatures vanquished.

Notes
Turn   | Place    | Note
-------+----------+-------------------------------------------
     0 | D:1      | Jazqa the Halfling Fighter began the quest for the Orb.
     0 | D:1      | Reached XP level 1. HP: 15/15 MP: 1/1
   111 | D:1      | Reached XP level 2. HP: 20/20 MP: 2/2
   211 | D:1      | HP: 1/20 [frilled lizard (2)]
   945 | D:2      | Reached XP level 3. HP: 23/25 MP: 3/3
  1040 | D:2      | Noticed Jessica
  1049 | D:2      | Killed Jessica
  1049 | D:2      | Reached skill level 4 in Armour
  1049 | D:2      | Reached XP level 4. HP: 31/31 MP: 4/4
  1300 | D:2      | Noticed Terence
  1314 | D:2      | HP: 1/31 [Terence/hand axe of chopping (5)]
  1314 | D:2      | Slain by Terence

Skill      XL: |  1  2  3 |
---------------+----------+-----
Fighting       | 3 |  3.1
Armour         | 4 |  4.1
Long Blades    | |  2.5
Shields        | |  3.7

Action                   |  1- 3 |  4- 6 || total
-------------------------+-------+-------++-------
Melee: Long sword        |    66 |    25 ||    91
  Eat: Chunk             |     1 |       ||     1
Armor: Scale mail        |    34 |    10 ||    44
Dodge: Dodged            |    29 |    16 ||    45
Block: Shield            |    36 |    16 ||    52
       Rpst.: Long sword |    14 |     7 ||    21
